 Dungeon Crawl Stone Soup version 0.16-a0-787-g31dbbe7 (webtiles) character file.

223 MackTheKnife the Slasher (level 6, -2/47 HPs)
             Began as a Formicid Fighter on Sept 27, 2014.
             Slain by a gnoll
             ... wielding a +0 halberd
              (5 damage)
             ... on Level 3 of the Dungeon.
             The game lasted 00:04:50 (2780 turns).

MackTheKnife the Slasher (Formicid Fighter)         Turns: 2780, Time: 00:04:50

HP  -2/47        AC  7     Str 20      XL: 6   Next: 20%
MP   8/8         EV  7     Int  8      God:
Gold 179         SH  9     Dex 12      Spells:  0 memorised,  5 levels left

rFire  . . .     SeeInvis +     a - +0 long sword
rCold  . . .     Clarity  .     b - +1 scale mail
rNeg   . . .     rCorr    .     c - +0 shield
rPois  .         rRot     .     (helmet unavailable)
rElec  .         Spirit   .     (no cloak)
SustAb .         Warding  .     (no gloves)
rMut   .         Stasis   +     (no boots)
Gourm  .                        (no amulet)
MR     .....                    (no ring)
                                (no ring)

@: not resistant to hostile enchantments, extremely unstealthy
A: permanent stasis, dig shafts and tunnels, four strong arms, antennae 3
a: Dig, Shaft Self


You were on level 3 of the Dungeon.
You were hungry.

You visited 1 branch of the dungeon, and saw 3 of its levels.

You collected 179 gold pieces.


Innate Abilities, Weirdness & Mutations

Your are under a permanent stasis effect.
You can dig through walls and to a lower floor.
Your four strong arms can wield two-handed weapons with a shield.
You have a pair of large antennae on your head (SInv).


   Skills:
 - Level 3.2 Fighting
 + Level 5.9 Long Blades
 - Level 3.2 Armour
 + Level 3.8 Shields


You had 5 spell levels left.
You didn't know any spells.

Inventory:

Hand weapons
 a - a +0 long sword (weapon)
 q - a +3 halberd
Missiles
 h - 2 stones (quivered)
Armour
 b - a +1 scale mail (worn)
 c - a +0 shield (worn)
Magical devices
 e - a wand of fireball (4) {unknown}
Comestibles
 d - a bread ration
 l - a beef jerky
 o - a meat ration
 s - 2 rotting chunks of orc flesh {@*1}
Scrolls
 f - 2 scrolls of immolation {!r}
 m - a scroll of remove curse
Jewellery
 t - an uncursed ring of stealth {unknown}
Potions
 g - a potion of heal wounds
 i - a potion of lignification {unknown}
 j - a potion of cancellation {unknown}
 k - a potion of cure mutation {unknown}
 n - a potion of confusion {unknown}
 p - a potion of invisibility {unknown}
 r - a potion of brilliance {unknown}

▒· ·· ··▒ ··
··▒ · ▒· ▒·▒
··▒ ▒·
▒▒·▒▒··▒
▒g▒▒···▒··▒
▒g▒·······▒
▒g········▒
▒▒▒a·····▒▒
▒▒▒▒▒▒▒▒·)%▒·▒
·······%·····▒
▒▒▒▒▒▒▒▒▒··▒▒▒
▒·▒▒ ▒·▒ ▒·▒
▒%▒ ▒·▒


You could see 3 gnolls.


Message History

You closely miss the gnoll.
The gnoll is heavily wounded.
You block the gnoll's attack.
You slash the gnoll!
You kill the gnoll!
A gnoll comes into view. It is wielding a halberd.
The gnoll shouts!
A gnoll comes into view. It is wielding a flail.
Things that are here:
a whip; a gnoll corpse You hit the gnoll but do no damage.
You block the gnoll's attack. The gnoll hits you with a flail.
You hit the gnoll.
The gnoll is lightly wounded.
The gnoll hits you with a halberd. You block the gnoll's attack.
A gnoll comes into view.
You closely miss the gnoll.
The gnoll is lightly wounded.
The gnoll hits you with a halberd!
The gnoll moves out of view.
You block the gnoll's attack.
Your shield prevents you from hitting the gnoll.
The gnoll is lightly wounded.
The gnoll hits you with a halberd. The gnoll hits you with a flail!
* * * LOW HITPOINT WARNING * * *
You closely miss the gnoll. The gnoll hits you with a halberd!
* * * LOW HITPOINT WARNING * * *
You block the gnoll's attack.
You are feeling hungry.
The gnoll hits you from afar with a halberd.
You die...

Action                   |  1- 3 |  4- 6 || total
-------------------------+-------+-------++-------
Melee: Long sword        |   152 |   125 ||   277
 Abil: Dig               |     1 |       ||     1
  Use: Scroll            |     3 |     3 ||     6
       Potion            |       |     2 ||     2
  Eat: Chunk             |     2 |     4 ||     6

Vault maps used:
D:1:      eino_arrival_cavern_d, minmay_crystal_water, minmay_statues_item,
          minmay_misc_feat_ornament, hex_tiny, corexii_hall_statues_i,
          feat_on_display
D:2:      lemuel_upstairs_altar
D:3:      kennysheep_generic_room_15, uniq_iyjb, uniq_sigmund

Notes
Turn   | Place    | Note
--------------------------------------------------------------
     0 | D:1      | MackTheKnife, the Formicid Fighter, began the quest for the Orb.
     0 | D:1      | Reached XP level 1. HP: 18/18 MP: 1/1
   248 | D:1      | Reached XP level 2. HP: 24/24 MP: 3/3
   484 | D:1      | Reached skill level 3 in Long Blades
   823 | D:1      | Reached XP level 3. HP: 29/29 MP: 4/4
  1444 | D:2      | Reached skill level 4 in Long Blades
  1444 | D:2      | Reached XP level 4. HP: 15/35 MP: 5/5
  2342 | D:3      | Noticed Sigmund
  2370 | D:3      | Killed Sigmund
  2370 | D:3      | Reached skill level 5 in Long Blades
  2370 | D:3      | Reached XP level 5. HP: 15/41 MP: 7/7
  2570 | D:3      | Reached XP level 6. HP: 38/47 MP: 8/8
  2779 | D:3      | HP: 3/47 [gnoll/halberd (17)]
  2780 | D:3      | Slain by a gnoll

Vanquished Creatures
  Sigmund (D:3)
  4 gnolls
  5 adders
  A giant mite (D:3)
  A worm (D:2)
  A giant gecko (D:1)
  An orc (D:3)
  3 giant cockroaches
  4 goblins
  5 hobgoblins
  3 jackals (D:3)
  7 kobolds
  2 quokkas
  A ball python (D:3)
  7 bats
  5 giant newts
  11 rats
62 creatures vanquished.
